 Dungeon Crawl Stone Soup version 0.28.0 (webtiles) character file.

Game seed: 16879679670156234974

4205 avis the Cleaver (level 10, 0/100 HPs)
             Began as a Hill Orc Monk on Feb 17, 2022.
             Slain by a vault guard (22 damage)
             ... in a bailey on Feb 18, 2022.
             The game lasted 00:45:09 (9045 turns).

avis the Cleaver (Hill Orc Monk)                    Turns: 9045, Time: 00:45:10

Health: 0/100      AC: 17    Str: 19    XL:     10   Next: 29%
Magic:  10/10      EV:  8    Int: 10    God:
Gold:   280        SH:  0    Dex: 13    Spells: 9/9 levels left

rFire   + . .      SeeInvis .   a - +1 broad axe (flame)
rCold   + . .      Faith    .   (no shield)
rNeg    . . .      Spirit   .   H - +0 chain mail
rPois   .          Reflect  .   (no helmet)
rElec   .          Harm     .   B - scarf {rC+ rF+}
rCorr   .          Rampage  .   T - +0 pair of gloves
Will    .....                   (no boots)
Stlth   ..........              (no amulet)
HPRegen 0.26/turn               d - +4 ring of protection
MPRegen 0.12/turn               u - +4 ring of protection

@: no status effects
A: no striking features
a: no special abilities


You were in a bailey.
You visited 2 branches of the dungeon, and saw 8 of its levels.
You also visited: Sewer and Bailey.

You collected 413 gold pieces.
You spent 133 gold pieces at shops.

Inventory:

Hand Weapons
 a - a +1 broad axe of flaming (weapon)
 b - a +0 hunting sling
 g - a +0 vorpal hand axe
 j - a +1 vorpal hand axe
 w - the +1 dire flail of Destiny {antimagic, rC- Str+3 Int+2}
   (You found it on level 5 of the Dungeon)

   It reduces the magical energy of the wielder, and disrupts the spells and
   magical abilities of those it strikes.
   Natural abilities and divine invocations are not affected.
   Str:       It affects your strength (+3).
   Int:       It affects your intelligence (+2).
   rC:        It makes you vulnerable to cold.
 P - a +0 hand crossbow
Missiles
 c - 318 stones
 l - 71 sling bullets
 p - 6 boomerangs
 s - 5 atropa-tipped darts (quivered)
 z - 14 poisoned darts
 Q - 28 bolts
 R - a curare-tipped dart
Armour
 e - a scarf of invisibility
 k - a +3 leather armour
 B - a scarf of resistance (worn)
 H - a +0 chain mail (worn)
 T - a +0 pair of gloves (worn)
Jewellery
 d - a +4 ring of protection (left hand)
 u - a +4 ring of protection (right hand)
 Y - a ring of willpower
Wands
 n - a wand of polymorph (10)
Scrolls
 f - 2 scrolls of vulnerability {unknown}
 h - a scroll of enchant armour {unknown}
 i - a scroll of silence {unknown}
 o - a scroll of amnesia {unknown}
 r - 2 scrolls of fog
 v - a scroll of blinking
 x - a scroll of acquirement {unknown}
 G - a scroll of immolation {unknown}
 N - 2 scrolls of brand weapon {unknown}
 Z - a scroll of torment {unknown}
Potions
 m - 2 potions of heal wounds
 q - 3 potions of curing
 t - 2 potions of flight
 A - 3 potions of haste
 L - a potion of might
 M - a potion of lignification
 O - a potion of invisibility {unknown}
 U - a potion of cancellation {unknown}


   Skills:
 * Level 12.7 Fighting
 - Level 14.0 Axes
 - Level 2.4 Dodging
 - Level 1.5 Stealth


You had 9 spell levels left.
You didn't know any spells.
Your spell library contained the following spells:

 Spells                   Type           Power      Damage    Failure   Level
 Foxfire                  Conj/Fire      0%         2x1d4     99%         1
 Ensorcelled Hibernation  Hex/Ice        0%         N/A       100%        2
 Passwall                 Tmut/Erth      0%         N/A       100%        2
 Conjure Flame            Conj/Fire      0%         6-21      100%        3
 Gell's Gravitas          Tloc           0%         N/A       100%        3
 Ignite Poison            Fire/Tmut/Pois 0%         N/A       100%        3
 Inner Flame              Hex/Fire       0%         N/A       100%        3
 Lesser Beckoning         Tloc           0%         N/A       100%        3
 Swiftness                Air            0%         N/A       100%        3
 Teleport Other           Tloc           0%         N/A       100%        3
 Flame Wave               Conj/Fire      0%         2d4       100%        4
 Sticky Flame             Conj/Fire      0%         2d3       100%        4


Dungeon Overview and Level Annotations

Branches:
Dungeon (7/15)             Temple (1/1) D:7           Sewer (visited)
 Bailey (1/1)

Altars:
Hepliaklqana
Nemelex Xobeh

Shops:
D:3 (

Annotations:
D:2 Terence


Message History

You slash the vault guard! You burn the vault guard.
The vault guard is moderately wounded.
The vault guard hits you with a +0 broad axe.
You hit the vault guard but do no damage.
The vault guard is moderately wounded.
The vault guard closely misses you.
You hit the vault guard but do no damage.
The vault guard is moderately wounded.
The vault guard hits you with a +0 broad axe.
You closely miss the vault guard.
The vault guard is moderately wounded.
The vault guard hits you but does no damage.
You hit the vault guard. You burn the vault guard.
The vault guard is heavily wounded.
The vault guard hits you with a +0 broad axe!
You closely miss the vault guard.
The vault guard is heavily wounded.
The vault guard hits you with a +0 broad axe!!
You hit the vault guard but do no damage.
The vault guard is heavily wounded.
You slash the vault guard! You burn the vault guard.
Your punch misses the vault guard.
The vault guard is severely wounded.
The vault guard hits you but does no damage.
You barely miss the vault guard.
The vault guard is severely wounded.
The vault guard hits you with a +0 broad axe!!
You slash the vault guard! You burn the vault guard.
You punch the vault guard, but do no damage.
The vault guard is almost dead.
The vault guard hits you with a +0 broad axe!
* * * LOW HITPOINT WARNING * * *
You barely miss the vault guard.
The vault guard is almost dead.
The vault guard hits you with a +0 broad axe.
* * * LOW HITPOINT WARNING * * *
You hit the vault guard but do no damage.
The vault guard is almost dead.
The vault guard hits you with a +0 broad axe!!
You die...

### ### ##≈##
##≈##
##≈≈≈##+##≈≈≈##
#≈≈≈≈≈.....≈≈≈#
##≈≈≈....≈.....##
#≈≈≈≈≈.....≈≈≈≈@#
#≈≈≈≈≈≈...≈≈###p#
#≈≈≈≈....≈≈## .F#
##≈≈≈≈....≈≈# .(≈#
.#≈≈≈≈≈..≈≈##..≈##
.##≈≈≈≈..≈≈#$..≈
..#≈≈≈≈≈.≈≈#?.≈#
..##≈##≈.≈≈####
...####≈..≈≈#


You could see a vault guard and a bullfrog.

Vanquished Creatures
  Eustachio (D:4)
  3 humans (Bailey)
  A steam dragon (D:6)
  A water moccasin (D:6)
  A black bear (D:6)
  A sky beast (D:7)
  2 ice beasts
  2 necrophages (D:5)
  4 ogres
  A phantom (D:7)
  2 centaurs
  A gnoll sergeant (D:4)
  6 bullfrogs
  5 kobold brigands
  3 scorpions
  A water moccasin skeleton (D:6)
  3 wights
  2 howler monkeys
  A bullfrog zombie (D:7)
  3 hounds (D:6)
  6 jellies
  4 bullfrog skeletons
  2 centaur skeletons
  A centaur zombie (D:6)
  A gnoll shaman (D:7)
  4 iguanas
  2 orc wizards
  11 gnolls
  14 adders
  2 river rats
  A shadow imp (D:5)
  An adder skeleton (D:5)
  4 worms
  6 dart slugs
  11 orcs
  4 bats
  8 endoplasms
  4 giant cockroaches
  11 goblins
  8 hobgoblins
  4 jackals (D:3)
  18 kobolds
  5 quokkas
  12 ball pythons
  5 frilled lizards
  14 rats
207 creatures vanquished.

Notes
Turn   | Place    | Note
-------+----------+-------------------------------------------
     0 | D:1      | avis the Hill Orc Monk began the quest for the Orb.
     0 | D:1      | Reached XP level 1. HP: 19/19 MP: 1/1
   253 | D:1      | Reached XP level 2. HP: 16/27 MP: 2/2
   916 | D:1      | Reached skill level 5 in Axes
  1060 | D:1      | Reached XP level 3. HP: 23/34 MP: 3/3
  1795 | D:2      | Reached skill level 5 in Fighting
  1848 | D:2      | Reached XP level 4. HP: 31/42 MP: 4/4
  2264 | D:2      | Noticed Terence
  2681 | D:3      | Found a sparkling altar of Nemelex Xobeh.
  2699 | D:3      | Found a hazy altar of Hepliaklqana.
  2837 | D:3      | Reached skill level 6 in Axes
  3053 | D:3      | Found Meobucyf's Antique Weapon Shop.
  3061 | D:3      | Bought a glowing broad axe for 133 gold pieces
  3210 | D:3      | Reached XP level 5. HP: 48/48 MP: 5/5
  3458 | D:4      | Reached skill level 7 in Axes
  3528 | D:4      | Reached XP level 6. HP: 27/56 MP: 6/6
  3551 | D:4      | Reached skill level 8 in Axes
  3808 | D:4      | Noticed Eustachio
  3820 | D:4      | Killed Eustachio
  3821 | D:4      | Reached skill level 9 in Axes
  4032 | D:4      | Reached XP level 7. HP: 61/61 MP: 7/7
  4341 | D:4      | Reached skill level 10 in Axes
  4882 | D:5      | Entered Level 5 of the Dungeon
  4983 | D:5      | Reached skill level 11 in Axes
  5169 | D:5      | Reached XP level 8. HP: 21/68 MP: 8/8
  5485 | D:5      | Reached skill level 12 in Axes
  5573 | D:5      | Identified the +1 dire flail of Destiny {antimagic, rC-
                  | Str+3 Int+2}
  6198 | D:6      | Reached XP level 9. HP: 63/83 MP: 9/9
  6267 | D:6      | Found a glowing drain.
  6279 | Sewer    | Entered a sewer
  6425 | Sewer    | Reached skill level 10 in Fighting
  7290 | D:6      | Reached skill level 13 in Axes
  7462 | D:6      | Found a sparkling altar of Nemelex Xobeh.
  8014 | D:6      | Reached skill level 14 in Axes
  8408 | D:7      | Found a staircase to the Ecumenical Temple.
  8423 | Temple   | Entered the Ecumenical Temple
  8465 | D:7      | Reached XP level 10. HP: 62/96 MP: 10/10
  8522 | D:7      | Found a flagged portal.
  8576 | Bailey   | Entered a bailey
  9026 | Bailey   | Noticed a vault guard
  9045 | Bailey   | Slain by a vault guard

Illustrated notes

Levels and vault maps discovered:
D:1:      dpeg_arrival_renting, layout_rooms, roderic_lattice_a
D:2:      layout_rooms, minmay_vboxes, uniq_terence
D:3:      layout_basic, jmf_multi_god_temple, serial_shops, nicolae_shop_trees
D:4:      minmay_door_path, layout_loops_ring, uniq_eustachio
D:5:      layout_loops_ring, minivault_23
D:6:      layout_loops_corners, portal_sewer_entry_b, chequers_arboretum,
          minmay_ruined_shrine
D:7:      layout_loops_ring, minmay_temple_entry_drinking_statues,
          enter_bailey_5, amethyst_killhole, kennysheep_generic_room_14
Temple:   mainiacjoe_temple_big_plus
Bailey:   bailey_axe_froggy_fort_hellmonk, bailey

Skill      XL: |  1  2  3  4  5  6  7  8  9 10 |
---------------+-------------------------------+-----
Fighting       | 4 5 9 11 12 | 12.7
Axes           | 5 6 7 9 11 12 14 | 14.0
Dodging        | |  2.4
Stealth        | |  1.5

Action                   |  1- 3 |  4- 6 |  7- 9 | 10-12 || total
-------------------------+-------+-------+-------+-------++-------
Melee: Hand axe          |    85 |    64 |       |       ||   149
       Punch             |     1 |     2 |     4 |     2 ||     9
       Broad axe         |       |    89 |   305 |    88 ||   482
 Fire: Hunting sling     |       |    18 |       |       ||    18
Throw: Dart              |       |       |    13 |     1 ||    14
  Use: Scroll            |       |       |    13 |       ||    13
 Stab: Sleeping          |     1 |     1 |       |       ||     2
Armor: Leather armour    |     3 |       |       |       ||     3
       Ring mail         |    25 |     8 |       |       ||    33
       Scale mail        |       |    58 |    14 |       ||    72
       Chain mail        |       |       |   133 |    50 ||   183
Dodge: Dodged            |    55 |    67 |    91 |    27 ||   240
